 Dungeon Crawl Stone Soup version 0.31-a0-115-g4708a659fe (webtiles) character file.

Game seed: 16906217466261144115

2333 gelatine the Conjurer (level 9, -4/67 HPs)
             Began as a Demonspawn Conjurer on May 30, 2023.
             Was an Initiate of Vehumet.
             Slain by a wight
             ... wielding a +0 halberd
              (14 damage)
             ... on level 7 of the Dungeon.
             The game lasted 00:22:20 (7502 turns).

gelatine the Conjurer (Demonspawn Conjurer)         Turns: 7502, Time: 00:22:20

Health: -4/67      AC:  7    Str:  8    XL:     9   Next: 19%
Magic:  6/18       EV: 13    Int: 30    God:    Vehumet [......]
Gold:   324        SH:  0    Dex: 11    Spells: 10/20 levels left

rFire   . . .        u - +2 dagger (venom)
rCold   . . .        (no shield)
rNeg    . . .        a - +0 robe
rPois   .            o - +0 helmet
rElec   .            (no cloak)
rCorr   .            g - +1 pair of gloves
SInv    .            (no boots)
Will    .....        (no amulet)
Stlth   ++           s - +6 ring of intelligence
HPRegen 0.31/turn    l - ring of flight
MPRegen 0.16/turn

%: no passive effects
@: flying
A: hooves 1, rugged brown scales 2, demonic magic 1
a: Renounce Religion


You were on level 7 of the Dungeon.
You worshipped Vehumet.
Vehumet was noncommittal.
You visited 2 branches of the dungeon, and saw 8 of its levels.

You collected 324 gold pieces.

Inventory:

Hand Weapons
 u - a +2 dagger of venom (weapon)
Armour
 a - a +0 robe (worn)
 g - a +1 pair of gloves (worn)
 o - a +0 helmet (worn)
Jewellery
 l - a ring of flight (right hand)
 s - a +6 ring of intelligence (left hand)
 y - a ring of protection from fire
Wands
 w - a wand of iceblast (9)
Scrolls
 e - a scroll of brand weapon {unknown}
 m - a scroll of enchant armour
 n - a scroll of noise
 p - a scroll of silence
 q - 2 scrolls of fog
 v - 3 scrolls of teleportation
Potions
 b - 3 potions of curing
 c - a potion of haste
 f - a potion of heal wounds
 h - 2 potions of mutation
 j - a potion of enlightenment
 r - a potion of lignification
 z - a potion of might {unknown}
 A - a potion of magic


   Skills:
 * Level 3.3 Fighting
 * Level 1.1 Short Blades
 + Level 0.1 Maces & Flails
 * Level 3.9 Dodging
 + Level 3.2 Stealth
 + Level 2.9 Unarmed Combat
 * Level 6.2 Spellcasting
 * Level 7.9 Conjurations
 * Level 2.6 Hexes
 * Level 1.2 Evocations


You had 10 spell levels left.
You knew the following spells:

 Your Spells              Type           Power      Damage    Failure   Level
a - Magic Dart            Conj           100%       1d8       1%          1
b - Searing Ray           Conj           100%       2d8       1%          2
c - Dazzling Flash        Conj/Hex       80%        N/A       1%          3
d - Fulminant Prism       Conj/Hex       20%        3d12      6%          4

Your spell library contained the following spells:

 Spells                   Type           Power      Damage    Failure   Level
 Momentum Strike          Conj/Tloc      66%        3d9       1%          2
 Blink                    Tloc           18%        N/A       8%          2
 Lesser Beckoning         Tloc           18%        N/A       8%          2
 Iskenderun's Mystic Bla  Conj/Tloc      33%        2d8       10%         4


Dungeon Overview and Level Annotations

Branches:
Dungeon (7/15)             Temple (1/1) D:6

Altars:
Ashenzari
Dithmenos
Gozag
Hepliaklqana
Kikubaaqudgha
Nemelex Xobeh
Okawaru
Qazlal
Ru
Sif Muna
Trog
Uskayaw
Vehumet
Xom
Yredelemnul

Shops:
D:7 *[:

Annotations:
D:6 2 runed translucent doors, edwardauron's ghost, amateur DrIE


Innate Abilities, Weirdness & Mutations

You have large cloven feet.
You are mostly covered in rugged brown scales. (AC +2, +5% HP)
Spells you cast may paralyse adjacent enemies.


Message History

Casting: Searing Ray (safe; 1% risk of failure)
Confirm with . or Enter, or press ? or * to list all spells.
Aiming: Magic Dart (safe; 1% risk of failure)
Press: ? - help, Shift-Dir - straight line, f - kobold
Aim: a kobold, wielding a +0 short sword (100% to hit)
The magic dart hits the kobold but does no damage.
Malevolent energies surge around you.
The kobold suddenly stops moving!
You feel sick. The wight hits you but does no damage.
The wight hits you from afar with a +0 halberd!
The helpless kobold fails to defend itself.
You puncture the kobold!
You kill the kobold!
Vehumet accepts your kill.
You feel sick. The wight closely misses you.
The wight hits you from afar with a +0 halberd!
* * * LOW HITPOINT WARNING * * *
Casting: Magic Dart (safe; 1% risk of failure)
Confirm with . or Enter, or press ? or * to list all spells.
Aiming: Magic Dart (safe; 1% risk of failure)
Press: ? - help, Shift-Dir - straight line, f - kobold brigand
Aim: a kobold brigand, wielding a +2 dagger of protection and quivering poisoned darts (100% to hit)
The magic dart hits the kobold brigand.
The kobold brigand is lightly wounded.
Malevolent energies surge around you.
You feel sick. The wight barely misses you.
The kobold brigand closely misses you.
The wight hits you from afar with a +0 halberd.
* * * LOW HITPOINT WARNING * * *
Casting: Magic Dart (safe; 1% risk of failure)
Confirm with . or Enter, or press ? or * to list all spells.
Aiming: Magic Dart (safe; 1% risk of failure)
Press: ? - help, Shift-Dir - straight line, f/p - kobold brigand
Aim: a kobold brigand, wielding a +2 dagger of protection and quivering poisoned darts (lightly wounded, 100% to hit)
The magic dart hits the kobold brigand.
The kobold brigand is lightly wounded.
Malevolent energies surge around you.
You feel sick.
You are no longer poisoned.
The kobold brigand completely misses you.
The wight barely misses you.
The wight hits you from afar with a +0 halberd!
You die...

* *,,,,,* *,* #.......# * *******
*,** #.......# * *,,* ###...### *
**,* #..)# * *,* #...# ********
*,* #...# **,,,,,* #,*
######...######
*,,,,,*****##.###z............#*
**,,,,,,,,,,#...@Kzg............,
,*,,,,,**#......##K............#*
,*,,,,,* ##.#...*####.#.∩..#####
,******* *,#...**,........# ,*
*.....*#.##.#....#*** .####
#.#...*#,*#KK......,* ....#
#.####**,*#.~~≈~~~~.*
.##.#*****#,* **,*#.g#####~.*
##*,*,,>,,,,* ***,,,*,~*,,,*~,*


You could see a kobold brigand, 2 wights, a goblin and a kobold.

Vanquished Creatures
  Pikel (D:5)
  Joseph (D:7)
  An orc warrior (D:5)
  2 ogres (D:5)
  4 lemures (D:5)
  4 gnoll sergeants
  A bullfrog (D:6)
  4 scorpions
  2 wights (D:7)
  A gnoll bouda (D:4)
  An orc priest (D:3)
  5 hounds
  2 iguanas (D:4)
  A sleepcap (D:6)
  Natasha (thrice) (D:3)
  An orc wizard (D:3)
  8 gnolls
  8 adders
  A shadow imp (D:5)
  2 white imps
  An ufetubus (D:5)
  A worm (D:4)
  2 dart slugs (D:1)
  12 orcs
  10 bats
  6 endoplasms
  4 giant cockroaches
  5 goblins
  6 hobgoblins
  5 jackals
  6 quokkas
  9 ball pythons
  3 frilled lizards
  8 kobolds
  5 rats
136 creatures vanquished.

Notes
Turn   | Place    | Note
-------+----------+-------------------------------------------
     0 | D:1      | gelatine the Demonspawn Conjurer began the quest for the
                  | Orb.
     0 | D:1      | Reached XP level 1. HP: 13/13 MP: 3/3
   216 | D:1      | Gained mutation: You are partially covered in rugged brown
                  | scales. (AC +1, +3% HP) [demonic ancestry]
   216 | D:1      | Reached XP level 2. HP: 13/19 MP: 0/5
   654 | D:1      | Learned a level 2 spell: Searing Ray
   969 | D:1      | Reached XP level 3. HP: 25/25 MP: 4/6
  1175 | D:2      | Learned a level 3 spell: Dazzling Flash
  1893 | D:3      | Reached XP level 4. HP: 31/31 MP: 4/7
  1933 | D:3      | Noticed Natasha
  1939 | D:3      | Killed Natasha
  1940 | D:3      | Reached skill level 1 in Fighting
  1940 | D:3      | Reached skill level 5 in Conjurations
  1969 | D:3      | Noticed Natasha
  1974 | D:3      | Killed Natasha
  1989 | D:3      | Noticed Natasha
  2049 | D:3      | Killed Natasha
  2050 | D:3      | Gained mutation: You have large cloven feet. [demonic
                  | ancestry]
  2050 | D:3      | Reached XP level 5. HP: 34/38 MP: 3/9
  2123 | D:3      | Found a bloodstained altar of Trog.
  2133 | D:3      | Found a hazy altar of Hepliaklqana.
  2147 | D:3      | Found a shimmering blue altar of Sif Muna.
  2147 | D:3      | Found a sparkling altar of Nemelex Xobeh.
  2150 | D:3      | Found a hide-covered altar of Uskayaw.
  2422 | D:3      | Reached skill level 1 in Unarmed Combat
  3062 | D:4      | Reached XP level 6. HP: 44/44 MP: 7/10
  3651 | D:4      | Reached skill level 6 in Conjurations
  3719 | D:4      | Found a shadowy altar of Dithmenos.
  3791 | D:4      | Reached XP level 7. HP: 50/50 MP: 2/12
  4228 | D:5      | Entered Level 5 of the Dungeon
  4234 | D:5      | Learned a level 4 spell: Fulminant Prism
  5015 | D:4      | Reached skill level 1 in Hexes
  5241 | D:5      | Noticed Pikel
  5282 | D:5      | Killed Pikel
  5283 | D:5      | Reached skill level 5 in Spellcasting
  5283 | D:5      | Reached skill level 7 in Conjurations
  5283 | D:5      | Gained mutation: Spells you cast may paralyse adjacent
                  | enemies. [demonic ancestry]
  5283 | D:5      | Reached XP level 8. HP: 56/58 MP: 1/15
  6435 | D:6      | Found a staircase to the Ecumenical Temple.
  6444 | Temple   | Entered the Ecumenical Temple
  6685 | Temple   | Became a worshipper of Vehumet
  6989 | D:6      | Found a runed translucent door.
  7006 | D:6      | Noticed edwardauron's ghost (amateur DrIE)
  7102 | D:6      | Found a runed translucent door.
  7186 | D:7      | Found Xuigif's Book Shop.
  7188 | D:7      | Found Qiumyn's Antique Armour Emporium.
  7208 | D:7      | Noticed Joseph
  7252 | D:7      | Killed Joseph
  7253 | D:7      | Reached skill level 1 in Short Blades
  7253 | D:7      | Reached skill level 1 in Evocations
  7253 | D:7      | Gained mutation: You are mostly covered in rugged brown
                  | scales. (AC +2, +5% HP) [demonic ancestry]
  7253 | D:7      | Reached XP level 9. HP: 31/67 MP: 0/18
  7448 | D:7      | Found Jira's Lightly-Used Armoury.
  7502 | D:7      | Slain by a wight

Illustrated notes

Levels and vault maps discovered:
D:1:      ebering_trefoil_twist, layout_basic, minmay_pentomino_t2
D:2:      layout_rooms, minmay_split_cup_small
D:3:      layout_basic, grunt_temple_overflow_open, overflow_temple_1_default,
          minmay_surrounded, uniq_natasha
D:4:      layout_rooms, nicolae_dithmenos_shadow_blocks,
          kennysheep_generic_room_2
D:5:      layout_rooms, sword_in_stone, uniq_pikel
D:6:      layout_loops_cross, temple_hall, ebering_ghost_sewer_f
D:7:      layout_loops_cross, serial_shops, shop, nicolae_book_shop_shelving,
          enter_bailey_3, minmay_shop_damaged, uniq_joseph, uniq_prince_ribbit1,
          uniq_crazy_yiuf_cottage
Temple:   minmay_temple_curvy_loop

Skill      XL: |  1  2  3  4  5  6  7  8 |
---------------+-------------------------+-----
Stealth        | 2 3 |  3.2
Dodging        | 2 3 |  3.9
Fighting       | 1 2 3 |  3.3
Conjurations   | 5 6 7 |  7.9
Unarmed Combat | 1 2 |  2.9
Spellcasting   | 3 5 6 |  6.2
Hexes          | 1 2 |  2.6
Short Blades   | 1 |  1.1
Evocations     | 1 |  1.2
Maces & Flails | |  0.1

Action                     |  1- 3 |  4- 6 |  7- 9 || total
---------------------------+-------+-------+-------++-------
  Melee: Mace              |    18 |       |       ||    18
         Unarmed           |     8 |    19 |     3 ||    30
         Kick              |       |     4 |       ||     4
         Dagger            |       |       |     7 ||     7
   Cast: Magic Dart        |    91 |    99 |   143 ||   333
         Searing Ray       |       |    10 |    18 ||    28
         Dazzling Flash    |       |     2 |     9 ||    11
    Use: Potion            |       |     3 |     1 ||     4
         Scroll            |       |       |    17 ||    17
   Stab: Paralysed         |       |       |     7 ||     7
 Armour: Robe              |     8 |    18 |    17 ||    43
  Dodge: Dodged            |    27 |    24 |    66 ||   117

Table legend: (Time is in decaauts)
 A = Elapsed time spent in this place.
 B = Non-inter-level travel time spent in this place.
 C = Inter-level travel time spent in this place.
 D = Time resting spent in this place.
 E = Time spent auto-exploring this place.
 F = Levels seen in this place.
 G = Mean time per level.
                   A        B        C        D        E       F      G
               +--------+--------+--------+--------+--------+-----+--------+
         Total |   7510 |   7215 |    295 |      0 |   6001 |   8 |  938.8 |
       Dungeon |   7245 |   7022 |    223 |      0 |   5819 |   7 | 1035.0 |
        Temple |    264 |    192 |     72 |      0 |    182 |   1 |  264.0 |
               +--------+--------+--------+--------+--------+-----+--------+

Top non-repeatable levels by time:
     D:4: 1535 daAuts
     D:5: 1324 daAuts
     D:3: 1217 daAuts
     D:1: 1083 daAuts
     D:6: 1055 daAuts
     D:2: 709 daAuts
     D:7: 320 daAuts
  Temple: 264 daAuts
